 Dungeon Crawl Stone Soup version 0.19.4 (console) character file.

186 shpingle the Slasher (level 5, -2/34 HPs)
             Began as a High Elf Gladiator on Feb 4, 2017.
             Slain by Duvessa
             ... wielding a +0 short sword
              (9 damage)
             ... on level 4 of the Dungeon.
             The game lasted 00:16:20 (3693 turns).

shpingle the Slasher (High Elf Gladiator)           Turns: 3693, Time: 00:16:20

Health: -2/34      AC:  0    Str: 14    XL:     5   Next: 38%
Magic:  6/6        EV: 24    Int: 12    God:
Gold:   150        SH:  0    Dex: 21    Spells: 0 memorised, 4 levels left

rFire  . . .     SeeInvis .     (weapon currently unavailable)
rCold  . . .     Gourm    .     (armour currently unavailable)
rNeg   . . .     Faith    .     (shield currently unavailable)
rPois  .         Spirit   .     (helmet currently unavailable)
rElec  .         Reflect  .     (cloak currently unavailable)
rCorr  .         Harm     .     (gloves currently unavailable)
MR     .....                    (boots currently unavailable)
Stlth  +++.......               (no amulet)
                                (ring currently unavailable)
                                (ring currently unavailable)

@: agile, pig-form, hasted, very quick
A: no striking features
a: no special abilities


You were on level 4 of the Dungeon.
You were not hungry.
You were a filthy swine.
You visited 1 branch of the dungeon, and saw 4 of its levels.
You also visited: Sewer.

You collected 150 gold pieces.

Inventory:

Hand Weapons
 a - a +0 long sword (melded)
 F - a +0 blowgun
Missiles
 d - 3 throwing nets
 g - 84 stones (quivered)
 m - 39 arrows
 G - 16 poisoned needles
Armour
 b - a +0 leather armour (melded)
 c - a +0 helmet (melded)
 t - a +0 ring mail
 C - a +1 pair of gloves (melded)
Scrolls
 j - 2 scrolls of blinking
 k - a scroll of remove curse
 q - a scroll of amnesia
 x - 3 scrolls of teleportation {unknown}
 y - 2 scrolls of magic mapping {unknown}
 z - a scroll of fog {unknown}
 D - a scroll of recharging {unknown}
Potions
 p - a potion of heal wounds {unknown}
 s - a potion of might {unknown}
 A - a potion of curing
 B - a potion of brilliance {unknown}
Comestibles
 f - 5 bread rations
 h - a meat ration
 n - a beef jerky
 r - a slice of pizza


   Skills:
 - Level 2.0 Fighting
 * Level 5.3 Long Blades
 - Level 2.0 Throwing
 + Level 1.0 Armour
 * Level 5.2 Dodging
 - Level 1.0 Stealth


You had 4 spell levels left.
You didn't know any spells.

Dungeon Overview and Level Annotations

Branches:
Dungeon (4/15)
 Temple: D:4-7

Altars:
Sif Muna
Trog

Annotations:
D:4 Dowan, Duvessa


Message History

Dowan points at you and mumbles some strange words.
The puff of flame hits you!
* * * LOW HITPOINT WARNING * * *
Duvessa zaps a wand.
You turn into a filthy swine.
Your +0 long sword melds into your body.
Your +0 helmet melds into your body.
Your +1 pair of gloves melds into your body.
Your +0 leather armour melds into your body.
You hit Duvessa but do no damage.
Duvessa is severely wounded.
Duvessa completely misses you.
Dowan points at you and mumbles some strange words.
The puff of flame misses you.
You hit Duvessa.
Duvessa is severely wounded.
Duvessa hits you but does no damage. Duvessa hits you with a short sword.
* * * LOW HITPOINT WARNING * * *
It was a potion of haste.
You feel yourself speed up. Duvessa hits you with a short sword!
You die... █████

█ee.█ █h█.█
█.█.█
█████.█†█
█....<█e█
█.███.█.█
█.....█.█
██.███████↑█
█..........█


████████'█'█ You could see Duvessa and Dowan.

Vanquished Creatures
  A hound (D:4)
  A worker ant (D:3)
  6 adders
  An ooze (D:3)
  2 worms
  2 leopard geckos
  7 bats
  A giant cockroach (D:2)
  6 goblins
  6 hobgoblins
  7 jackals (Sewer)
  12 kobolds
  5 ball pythons (Sewer)
  8 frilled lizards
  A leopard gecko skeleton (D:4)
  9 rats
  A plant (Sewer)
76 creatures vanquished.

Notes
Turn   | Place    | Note
-------+----------+-------------------------------------------
     0 | D:1      | shpingle the High Elf Gladiator began the quest for the Orb.
     0 | D:1      | Reached XP level 1. HP: 14/14 MP: 2/2
   265 | D:1      | Reached XP level 2. HP: 19/19 MP: 3/3
  1268 | D:2      | Reached XP level 3. HP: 24/24 MP: 4/4
  1436 | D:3      | Reached XP level 4. HP: 27/29 MP: 5/5
  1684 | D:3      | Found a glowing drain.
  1693 | Sewer    | Entered a sewer
  3002 | D:3      | Reached XP level 5. HP: 32/34 MP: 6/6
  3240 | D:3      | Found a bloodstained altar of Trog.
  3240 | D:3      | Found a deep blue altar of Sif Muna.
  3663 | D:4      | Noticed Duvessa
  3663 | D:4      | Noticed Dowan
  3693 | D:4      | Slain by Duvessa

Skill      XL: |  1  2  3  4 |
---------------+-------------+-----
Long Blades    | 4 5 |  5.3
Dodging        | 4 5 |  5.2
Armour         | 1 |  1.0
Stealth        | 1 |  1.0
Fighting       | |  2.0
Throwing       | |  2.0

Action                   |  1- 3 |  4- 6 || total
-------------------------+-------+-------++-------
Melee: Long sword        |    71 |   198 ||   269
       Unarmed           |       |     2 ||     2
Throw: Throwing net      |     1 |       ||     1
       Stone             |       |    29 ||    29
  Use: Scroll            |       |     4 ||     4
       Potion            |       |     4 ||     4
 Stab: Sleeping          |     2 |     2 ||     4
       Held in net/web   |     1 |       ||     1
  Eat: Chunk             |     2 |     8 ||    10
Armor: Leather armour    |    18 |    44 ||    62
Dodge: Dodged            |    46 |   118 ||   164
       Rpst.: Long sword |    14 |    32 ||    46
